Match 42906715
Unlisted

Match 42906715
End
Engineer Squad
Construct Barracks
Riflemen Squad
M1 Mortar Team
Grenade Package
Mechanized Support Center
Selects Advanced Infantry Battlegroup
Selects Artillery Observers
.30 cal Machine Gun
M1918 Browning Automatic Rifles
Selects Convert to Ranger Squad
.30 cal Machine Gun
Ranger Squad
Construct Medical Station
Selects Frontline Medical Station
Frontline Medical Station
Salvage Crew
Construct Tank Depot
Selects M2A1 105mm Howitzer Emplacement
Convert to Ranger Squad
Selects Ranger Weapon Training
Selects Free Fire Drills
M4A1 Sherman Medium Tank
M4A1 76mm Conversion
Selects Ranger Weapon Training
M4A1(76) Sherman Medium Tank
.30 cal Machine Gun
Ranger Squad
Designate Forward Repair Station
bonjour_cretin
beebee0405
Weaponized
PlayerUnknown
Koneko_
Eiermayer
Ozrealix
PenikmatKopi
0
0

Comments sign in to comment!

No comments posted yet!